 Dungeon Crawl Stone Soup version 0.18.1-50-g88ac8fd (webtiles) character file.

207 Firecrotchwizard the Skirmisher (level 5, -17/48 HPs)
             Began as a Minotaur Fighter on Nov 2, 2016.
             Demolished by an ogre
             ... wielding a +0 giant spiked club
              (26 damage)
             ... on level 4 of the Dungeon.
             The game lasted 00:06:25 (2544 turns).

Firecrotchwizard the Skirmisher (Minotaur Fighter)  Turns: 2544, Time: 00:06:26

Health: -17/48     AC:  9    Str: 29    XL:     5   Next: 54%
Magic:  4/4        EV:  8    Int:  5    God:
Gold:   205        SH: 10    Dex: 10    Spells: 0 memorised, 4 levels left

rFire  . . .     SeeInvis .     a - +0 flail
rCold  . . .     Gourm    .     b - +0 scale mail
rNeg   . . .     Faith    .     c - +0 shield
rPois  .         Spirit   .     (helmet restricted)
rElec  .         Dismiss  .     (no cloak)
rCorr  .         Reflect  .     (no gloves)
SustAt .         Harm     .     n - +1 pair of boots
MR     .....                    m - amulet of rage
Stlth  ..........               (no ring)
                                A - +3 ring of strength

@: mighty, not resistant to hostile enchantments, extremely unstealthy
A: retaliatory headbutt, horns 2
a: Evoke Berserk Rage


You were on level 4 of the Dungeon.
You were not hungry.

You visited 1 branch of the dungeon, and saw 4 of its levels.

You collected 205 gold pieces.

Inventory:

Hand Weapons
 a - a +0 flail (weapon)
Armour
 b - a +0 scale mail (worn)
 c - a +0 shield (worn)
 n - a +1 pair of boots (worn)
Jewellery
 m - an amulet of rage (around neck)
 A - a +3 ring of strength (left hand)
Scrolls
 e - a scroll of enchant weapon {unknown}
 g - a scroll of magic mapping {unknown}
 i - 2 scrolls of fear {unknown}
 p - 4 scrolls of remove curse {unknown}
 s - a scroll of noise {unknown}
 t - 2 scrolls of identify
 u - a scroll of teleportation {unknown}
 v - 2 scrolls of recharging {unknown}
 y - a scroll of amnesia {unknown}
Potions
 d - 2 potions of might
 h - 2 potions of mutation {unknown}
 j - 2 potions of degeneration {unknown}
 k - 4 potions of brilliance {unknown}
 l - 3 potions of flight {unknown}
 r - a potion of lignification {unknown}
 w - a potion of magic {unknown}
 x - a potion of agility {unknown}
Comestibles
 f - 5 bread rations
 o - a beef jerky
 q - a meat ration


   Skills:
 * Level 5.0 Fighting
 * Level 4.1 Maces & Flails
 + Level 4.7 Armour
 + Level 4.8 Shields


You had 4 spell levels left.
You didn't know any spells.

Dungeon Overview and Level Annotations

Branches:
Dungeon (4/15)
 Temple: D:4-7

Altars:
Cheibriados
Fedhas
Sif Muna
Vehumet


Innate Abilities, Weirdness & Mutations

You reflexively headbutt those who attack you in melee.
You have a pair of horns on your head.


Message History

The gnoll shouts!
You hit the ogre.
The ogre is lightly wounded.
You block the gnoll's attack.
The ogre hits you with a giant spiked club!!
You hit the ogre.
The ogre is moderately wounded.
You block the gnoll's attack.
The ogre hits you with a giant spiked club!
* * * LOW HITPOINT WARNING * * *
You are too injured to fight recklessly!
A gnoll comes into view.
You see here 13 gold pieces.
Drink which item? (? for menu, Esc to quit)
You feel very mighty all of a sudden.
You bludgeon the ogre!!
The ogre is almost dead.
The ogre hits you with a giant spiked club!!
Ouch! That really hurt!
You die...

#.. #.. ###.. ##....
#..#.# ##.##.# ######
########..##.. #....#
#..).........# #...@#
#.....##......
#...O###.<.......##.#
#...gg..........###.#
#....#.......##.###.#
#....#.#.....##...#.#
####.#$##########...#
#...# ##..# #...##
#..# #..## #...


You could see an ogre and 2 gnolls.

Vanquished Creatures
  Ijyb (D:3)
  8 adders
  An ooze (D:3)
  2 worms
  A dart slug (D:2)
  3 giant geckos
  2 orcs
  5 giant cockroaches
  11 goblins
  16 hobgoblins
  5 jackals (D:3)
  2 quokkas
  3 ball pythons
  10 bats
  7 giant newts
  10 kobolds
  5 rats
92 creatures vanquished.

Notes
Turn   | Place    | Note
--------------------------------------------------------------
     0 | D:1      | Firecrotchwizard the Minotaur Fighter began the quest for the Orb.
     0 | D:1      | Reached XP level 1. HP: 19/19 MP: 0/0
   106 | D:1      | Reached XP level 2. HP: 27/27 MP: 1/1
   419 | D:1      | Reached skill level 4 in Fighting
   672 | D:2      | Reached XP level 3. HP: 33/33 MP: 2/2
   969 | D:2      | Reached XP level 4. HP: 38/41 MP: 3/3
  1585 | D:3      | Found a snail-covered altar of Cheibriados.
  1618 | D:3      | Found a blossoming altar of Fedhas.
  1624 | D:3      | Found a deep blue altar of Sif Muna.
  1740 | D:3      | Reached XP level 5. HP: 47/47 MP: 4/4
  1870 | D:3      | Noticed Ijyb
  1879 | D:3      | Killed Ijyb
  2216 | D:3      | Found a radiant altar of Vehumet.
  2374 | D:4      | Reached skill level 5 in Fighting
  2531 | D:4      | Noticed an ogre
  2544 | D:4      | Demolished by an ogre

Skill      XL: |  1  2  3  4  5 |
---------------+----------------+-----
Armour         | 4 |  4.7
Fighting       | 4 5 |  5.0
Maces & Flails | 3 4 |  4.1
Shields        | 4 |  4.8

Action                   |  1- 3 |  4- 6 || total
-------------------------+-------+-------++-------
Melee: Flail             |    89 |   144 ||   233
       Headbutt          |    10 |    21 ||    31
  Use: Scroll            |     2 |     1 ||     3
       Potion            |       |     1 ||     1
  Eat: Chunk             |       |     6 ||     6
Armor: Scale mail        |    36 |    89 ||   125
Dodge: Dodged            |    31 |    38 ||    69
Block: Shield            |    41 |    91 ||   132
